Map: At Eternity's Edge LE

Players

naane - Winner!

  • Race: Protoss Protoss

VOD

Have the link to the VOD?

Description

Time

  • Played on: Aug. 23, 2026, 9:11 a.m.
  • Length: 17:57
Show
View Real Time Build Order
Export as new Build Order

naane Protoss - Winner!

Build Orders:  

Get SALT Encoding   

  8  0:01  Probe (Chrono Boost)  
  9  0:13  Probe (Chrono Boost)  
  10  0:24  Probe (Chrono Boost)  
  12  0:41  Probe (Chrono Boost)  
  12  0:55  Pylon  
  12  0:58  Probe (Chrono Boost)  
  13  1:22  Probe (Chrono Boost)  
  14  1:32  Gateway  
  14  1:33  Probe (Chrono Boost)  
  15  1:45  Probe (Chrono Boost)  
  16  1:53  Pylon  
  16  1:59  Probe (Chrono Boost)  
  17  2:16  Probe (Chrono Boost)  
  18  2:21  Forge  
  18  2:33  Probe (Chrono Boost)  
  18  2:36  Assimilator  
  19  2:44  Cybernetics Core  
  20  2:50  Probe (Chrono Boost)  
  20  3:03  Probe (Chrono Boost)  
  20  3:08  Pylon  
  21  3:13  Pylon  
  21  3:14  Probe (Chrono Boost)  
  22  3:27  Probe (Chrono Boost)  
  23  3:42  Stalker  
  23  3:44  Probe (Chrono Boost)  
  26  3:55  Assimilator  
  27  4:01  Probe (Chrono Boost)  
  27  4:17  Probe (Chrono Boost)  
  28  4:24  Nexus  
  28  4:25  Stalker  
  30  4:33  Probe (Chrono Boost)  
  31  4:44  Probe (Chrono Boost)  
  32  5:03  Probe (Chrono Boost)  
  32  5:06  Pylon  
  32  5:09  Stalker, Pylon  
  36  5:20  Probe (Chrono Boost)  
  36  5:36  Protoss Ground Weapons Level 1 (Chrono Boost)  
  36  5:37  Probe (Chrono Boost)  
  37  5:47  Stalker  
  37  5:54  Probe (Chrono Boost)  
  40  6:00  Pylon  
  40  6:07  Warp Gate, Pylon  
  40  6:14  Probe x2 (Chrono Boost)  
  42  6:24  Stalker  
  44  6:31  Probe x2  
  46  7:02  Gateway, Probe, Stalker  
  46  7:03  Probe  
  46  7:04  Gateway  
  46  7:05  Gateway  
  50  7:11  Assimilator  
  50  7:19  Probe  
  51  7:23  Assimilator  
  51  7:27  Probe  
  52  7:36  Probe  
  53  7:41  Twilight Council  
  53  7:54  Robotics Facility  
  53  8:20  Nexus  
  53  8:21  Pylon  
  53  8:26  Pylon  
  49  8:52  Zealot x2  
  49  8:53  Zealot x2  
  49  8:57  Pylon  
  49  9:00  Pylon  
  49  9:04  Pylon  
  49  9:29  Gateway  
  49  9:31  Gateway  
  49  9:32  Probe  
  49  9:33  Gateway, Probe  
  49  9:35  Gateway  
  49  9:37  Gateway  
  51  9:42  Warp Prism  
  51  9:49  Probe  
  54  9:50  Probe  
  54  9:57  Stalker  
  57  10:02  Zealot  
  57  10:04  Zealot  
  57  10:06  Probe  
  62  10:22  Probe x2  
  62  10:23  Probe  
  65  10:31  Protoss Ground Weapons Level 2 (Chrono Boost)  
  65  10:39  Probe x2  
  67  10:40  Probe  
  68  10:51  Zealot x5  
  68  10:52  Zealot  
  80  11:07  Charge  
  80  11:29  Probe x3  
  83  11:33  Gateway  
  83  11:35  Gateway  
  83  11:37  Gateway  
  83  11:39  Assimilator  
  83  11:44  Assimilator  
  83  11:46  Probe x2  
  83  11:47  Zealot  
  83  11:48  Zealot x5  
  59  12:22  Stalker x3  
  59  12:23  Stalker x4  
  59  12:25  Zealot  
  59  12:26  Zealot  
  77  12:30  Observer  
  78  12:49  Photon Cannon  
  78  13:00  Probe x3  
  78  13:01  Photon Cannon  
  81  13:16  Nexus  
  81  13:17  Probe x3  
  81  13:19  Photon Cannon, Pylon  
  84  13:23  Pylon  
  84  13:26  Zealot  
  84  13:27  Zealot  
  84  13:28  Photon Cannon  
  88  13:56  Stalker, Blink  
  88  13:57  Stalker x2  
  88  13:58  Stalker x3  
  88  13:59  Stalker x2  
  88  14:22  Zealot  
  88  14:28  Zealot x2  
  88  14:29  Zealot x2  
  86  14:30  Zealot x4  
  86  15:22  Stalker x2  
  86  15:23  Stalker x4  
  86  15:24  Stalker, Zealot  
  86  15:25  Zealot  
  104  15:58  Probe x3  
  107  16:00  Nexus  
  107  16:10  Stalker  
  107  16:11  Stalker x4  
  107  16:13  Zealot x4  
  107  16:15  Probe x3  
  128  16:32  Probe x3  
  122  17:03  Stalker  
  122  17:04  Stalker x4  
  122  17:05  Stalker x3  
Tags
 
Add a new tag
Caveats
  • Supply blocks, unpowered buildings, or Contaminate may cause inaccurate times.
  • Supply counts are checked every 10 seconds.